 Dungeon Crawl Stone Soup version 0.30.0-29-ga12c61a403 (webtiles) character file.

Game seed: 9445151865721628192

835 McKennaii the Conjurer (level 7, 0/50 HPs)
             Began as a Demigod Conjurer on June 5, 2023.
             Slain by a sleepcap (7 damage)
             ... on level 5 of the Dungeon.
             The game lasted 00:02:49 (4596 turns).

McKennaii the Conjurer (Demigod Conjurer)           Turns: 4596, Time: 00:02:49

Health: 0/50       AC:  2    Str:  8    XL:     7   Next: 38%
Magic:  0/16       EV: 13    Int: 34    God:
Gold:   185        SH:  0    Dex: 12    Spells: 10/13 levels left

rFire   . . .        l - staff of earth
rCold   . . .        (no shield)
rNeg    . . .        a - +0 robe
rPois   +            (no helmet)
rElec   .            (no cloak)
rCorr   .            (no gloves)
SInv    .            (no boots)
Will    .....        (no amulet)
Stlth   +++          r - +6 ring of intelligence
HPRegen 0.28/turn    k - ring of poison resistance
MPRegen 0.15/turn

%: no passive effects
@: no status effects
A: high MP 1, forlorn, divine attributes
a: no special abilities


You were on level 5 of the Dungeon.
You visited 1 branch of the dungeon, and saw 6 of its levels.

You collected 185 gold pieces.

Inventory:

Armour
 a - a +0 robe (worn)
Magical Staves
 l - a staff of earth (weapon)
Jewellery
 k - a ring of poison resistance (right hand)
 r - a +6 ring of intelligence (left hand)
Wands
 n - a wand of iceblast (8)
Scrolls
 e - 3 scrolls of identify {unknown}
 h - a scroll of vulnerability {unknown}
 i - a scroll of teleportation {unknown}
 j - a scroll of noise {unknown}
 m - a scroll of fog {unknown}
 o - 3 scrolls of amnesia {unknown}
 q - a scroll of poison {unknown}
 t - a scroll of enchant armour {unknown}
Potions
 b - a potion of magic
 c - 3 potions of haste {unknown}
 d - 2 potions of mutation {unknown}
 f - 3 potions of heal wounds {unknown}
 g - 2 potions of invisibility {unknown}
 p - a potion of flight {unknown}
 s - a potion of might {unknown}


   Skills:
 + Level 4.3 Dodging
 + Level 4.6 Stealth
 + Level 3.9 Spellcasting
 + Level 5.3 Conjurations


You had 10 spell levels left.
You knew the following spells:

 Your Spells              Type           Power      Damage    Failure   Level
a - Magic Dart            Conj           100%       1d8       1%          1
b - Searing Ray           Conj           86%        2d7       1%          2

Your spell library contained the following spells:

 Spells                   Type           Power      Damage    Failure   Level
 Kiss of Death            Conj/Necr      96%        2d12      1%          1
 Beastly Appendage        Tmut           12%        N/A       4%          1
 Dazzling Flash           Conj/Hex       48%        N/A       4%          3
 Wereblood                Tmut           6%         N/A       8%          2
 Confusing Touch          Hex            6%         N/A       16%         3
 Spider Form              Tmut/Pois      6%         N/A       16%         3
 Vhi's Electric Charge    Tloc/Air       12%        N/A       16%         3
 Fulminant Prism          Conj/Hex       12%        3d8       16%         4
 Iskenderun's Mystic Bla  Conj/Tloc      24%        2d7       16%         4
 Arcjolt                  Conj/Air       12%        1d22      41%         5
 Dispel Undead            Necr           6%         3d8       45%         4
 Plasma Beam              Fire/Air       3%         2x1d14    100%        6


Dungeon Overview and Level Annotations

Branches:
Dungeon (6/15)             Temple (0/1) D:4

Annotations:
D:4 2 runed translucent doors, IndexError's ghost, amateur DrFE


Innate Abilities, Weirdness & Mutations

You have an increased reservoir of magic. (+10% MP)
You shall have no god before yourself.
Your divine heritage dramatically boosts your attributes as you level up.


Message History

The sleepcap attacks as you move away! The sleepcap releases spores at you!
The sleepcap attacks as you move away! The sleepcap releases spores at you.
The magic dart hits the sleepcap but does no damage.
The sleepcap is severely damaged.
The sleepcap releases spores at you.
You are engulfed in a cloud of soporific spores!
You fall asleep.
The sleepcap releases spores at you!
You wake up.
You are engulfed in a cloud of soporific spores!
You are unaffected.
Unknown command.
Unknown command.
Unknown command.
The sleepcap attacks as you move away! The sleepcap releases spores at you.
The sleepcap attacks as you move away! The sleepcap releases spores at you!
The sleepcap attacks as you move away! The sleepcap releases spores at you.
* * * LOW HITPOINT WARNING * * *
The sleepcap attacks as you move away! The sleepcap releases spores at you.
* * * LOW HITPOINT WARNING * * *
Casting: Magic Dart (safe; 1% risk of failure)
Confirm with . or Enter, or press ? or * to list all spells.
Aiming: Searing Ray (safe; 1% risk of failure)
Press: ? - help, Shift-Dir - straight line, f/p - sleepcap
Aim: a sleepcap (severely damaged, 100% to hit)
The searing ray hits the sleepcap.
The sleepcap is almost destroyed. (Press . to maintain the ray.)
The sleepcap barely misses you.
You hit the sleepcap but do no damage.
The sleepcap is almost destroyed.
The sleepcap closely misses you.
Unknown command.
You hit the sleepcap.
The sleepcap is almost destroyed.
The sleepcap releases spores at you.
* * * LOW HITPOINT WARNING * * *
You hit the sleepcap.
The sleepcap is almost destroyed.
The sleepcap releases spores at you!
You die...

#...# #)# #...#####)#####
#.............#
#.##.####.#.#.##
#######.##.###...##..#
............##.#.~##.#
####........##.#.~##.###
#...f...>.)..~~~#...#
#...@....#.###~~###..
########.#)# ##~~###.
#.#)####~~# #.
############.#....##~# #.
#.........##...###.#~####
#.........####'###.#~~# #
#...............##.#~~# #
########.......)####~~# #
#........#~#~~## #


You could see a sleepcap.

Vanquished Creatures
  2 black bears
  An ogre (D:6)
  A scorpion (D:6)
  3 hounds
  An orc priest (D:1)
  An iguana (D:6)
  A sleepcap (D:5)
  3 orc wizards
  7 gnolls
  10 adders
  A white imp (D:6)
  A worm (D:4)
  4 dart slugs
  6 orcs
  2 bats
  3 endoplasms
  6 giant cockroaches
  7 goblins
  9 hobgoblins
  3 jackals
  3 quokkas
  5 ball pythons
  4 frilled lizards
  8 kobolds
  4 rats
96 creatures vanquished.

Notes
Turn   | Place    | Note
-------+----------+-------------------------------------------
     0 | D:1      | McKennaii the Demigod Conjurer began the quest for the Orb.
     0 | D:1      | Reached XP level 1. HP: 14/14 MP: 5/5
   443 | D:1      | Reached XP level 2. HP: 19/20 MP: 2/7
   951 | D:1      | Learned a level 2 spell: Searing Ray
  1023 | D:1      | Reached skill level 4 in Conjurations
  1023 | D:1      | Reached XP level 3. HP: 18/26 MP: 1/9
  1114 | D:1      | Reached XP level 4. HP: 20/33 MP: 1/10
  1854 | D:2      | Reached XP level 5. HP: 25/38 MP: 3/11
  2915 | D:4      | Found a staircase to the Ecumenical Temple.
  3057 | D:4      | Identified the +1 long sword of Youthful Indiscretion
                  | {speed, Fly Int+6}
  3107 | D:4      | Found a large runed translucent door.
  3111 | D:4      | Found a large runed translucent door.
  3113 | D:4      | Noticed IndexError's ghost (amateur DrFE)
  3700 | D:5      | Entered Level 5 of the Dungeon
  3700 | D:5      | You fall into a shaft and drop 1 floor!
  3705 | D:6      | Noticed a black bear
  3712 | D:6      | Killed a black bear
  3713 | D:6      | Reached XP level 6. HP: 40/45 MP: 5/13
  4032 | D:6      | Reached skill level 5 in Conjurations
  4032 | D:6      | Reached XP level 7. HP: 31/50 MP: 6/15
  4596 | D:5      | Slain by a sleepcap

Illustrated notes

Levels and vault maps discovered:
D:1:      moated_graveyard_arrival, layout_basic
D:2:      layout_rooms, basic_altar, ebering_ecumenical_altar_hall
D:3:      minmay_recursive_quarters, layout_rooms,
          gammafunk_temple_overflow_forgotten, lemuel_tele_altar,
          grunt_ministairs_7, nicolae_concentric_dashed_squares_wild
D:4:      layout_cave_pools, minmay_temple_entry_mini_moons,
          ebering_ghost_disaster_area
D:5:      layout_basic, mainiacjoe_overflow_swirl,
          chequers_serial_rivers_large_b, sigmund_edmund_badplayer, uniq_pikel,
          uniq_grinder
D:6:      layout_cave_pods, trog_book, corexii_hall_statues_x,
          minmay_fractal_squares_5

Skill      XL: |  1  2  3  4  5  6  7 |
---------------+----------------------+-----
Dodging        | 2 3 4 |  4.3
Stealth        | 2 3 4 |  4.6
Spellcasting   | 2 3 |  3.9
Conjurations   | 4 5 |  5.3

Action                     |  1- 3 |  4- 6 |  7- 9 || total
---------------------------+-------+-------+-------++-------
  Melee: Unarmed           |    10 |       |       ||    10
         Staff             |       |     3 |     4 ||     7
         Punch             |       |     1 |       ||     1
   Cast: Magic Dart        |    32 |   129 |    32 ||   193
         Searing Ray       |     4 |    13 |     6 ||    23
 Armour: Robe              |     8 |     8 |     3 ||    19
  Dodge: Dodged            |    25 |    33 |    14 ||    72
